 Dungeon Crawl Stone Soup version 0.30-a0-140-gd1020e658a (webtiles) character file.

Game seed: 13416819252143245894

461 Bqawayeah the Grasshopper (level 7, -6/56 HPs)
             Began as a Gnoll Warper on Sept 24, 2022.
             Was an Initiate of Makhleb.
             Mangled by a gnoll sergeant
             ... wielding a +0 trident
              (9 damage)
             ... on level 5 of the Dungeon.
             The game lasted 00:14:31 (4340 turns).

Bqawayeah the Grasshopper (Gnoll Warper)            Turns: 4340, Time: 00:14:32

Health: -6/56      AC:  8    Str: 15    XL:     7   Next: 7%
Magic:  13/15      EV: 12    Int: 14    God:    Makhleb [......]
Gold:   170        SH:  0    Dex: 12    Spells: 6/17 levels left

rFire   . . .      SeeInvis .    B - +7 hammer "Kokoirch" {freeze, Str+5}
rCold   . . .      Faith    .    (no shield)
rNeg    . . .      Spirit   .    x - +0 ring mail
rPois   .          Reflect  .    J - +0 helmet
rElec   .          Harm     .    (no cloak)
rCorr   .          Rampage  .    n - +0 pair of gloves
Will    .....                    (no boots)
Stlth   +.........               o - amulet of regeneration
HPRegen 0.98/turn                (no ring)
MPRegen 0.14/turn                (no ring)

@: on blink cooldown
A: fangs 1, strong nose, distributed training
a: Renounce Religion


You were on level 5 of the Dungeon.
You worshipped Makhleb.
Makhleb was noncommittal.
You visited 1 branch of the dungeon, and saw 5 of its levels.

You collected 170 gold pieces.

Inventory:

Hand Weapons
 a - a +0 sling
 b - a +0 spear
 m - a +3 dagger of venom
 z - a +2 quarterstaff of chaos
 B - the +7 hammer "Kokoirch" (weapon) {freeze, Str+5}
   (You found it on level 3 of the Dungeon)

   It freezes those it strikes, dealing additional cold damage.
   It can also slow down cold-blooded creatures.
   Str:       It affects your strength (+5).
 F - the +1 war axe of Wept {flame, rElec rPois Str-5}
   (You took it off an orc on level 4 of the Dungeon)

   It burns those it strikes, dealing additional fire damage.
   Big, fiery blades are also staple armaments of hydra-hunters.
   Str:       It affects your strength (-5).
   rElec:     It insulates you from electricity.
   rPois:     It protects you from poison.
Missiles
 d - 3 boomerangs of dispersal
 h - a boomerang
 y - 2 javelins (quivered)
Armour
 n - a +0 pair of gloves (worn)
 s - a +0 chain mail
 u - a +0 leather armour
 x - a +0 ring mail (worn)
 A - a +0 cloak
 J - a +0 helmet (worn)
Jewellery
 j - an amulet of guardian spirit
 o - an amulet of regeneration (around neck)
 E - a ring of see invisible
Scrolls
 c - a scroll of blinking
 e - 2 scrolls of fog {unknown}
 g - 3 scrolls of identify {unknown}
 p - 2 scrolls of teleportation {unknown}
 t - 2 scrolls of enchant armour {unknown}
 v - a scroll of summoning {unknown}
 G - a scroll of vulnerability {unknown}
Potions
 f - a potion of magic {unknown}
 i - a potion of ambrosia {unknown}
 k - a potion of experience {unknown}
 l - 3 potions of curing {unknown}
 q - a potion of mutation {unknown}
 r - 3 potions of might {unknown}
 C - a potion of invisibility {unknown}
 D - a potion of flight {unknown}
 H - 2 potions of lignification {unknown}
 I - a potion of resistance {unknown}


   Skills:
 + Level 5.1 Fighting
 + Level 2.3 Short Blades
 + Level 2.3 Long Blades
 + Level 2.3 Axes
 + Level 2.3 Maces & Flails
 + Level 5.1 Polearms
 + Level 2.3 Staves
 + Level 2.3 Ranged Weapons
 + Level 3.5 Throwing
 + Level 3.5 Armour
 + Level 5.1 Dodging
 + Level 2.3 Stealth
 + Level 2.3 Shields
 + Level 2.3 Unarmed Combat
 + Level 5.5 Spellcasting
 + Level 1.9 Conjurations
 + Level 1.9 Hexes
 + Level 1.9 Summonings
 + Level 1.9 Necromancy
 + Level 5.8 Translocations
 + Level 1.9 Transmutations
 + Level 1.9 Fire Magic
 + Level 1.9 Ice Magic
 + Level 1.9 Air Magic
 + Level 1.9 Earth Magic
 + Level 1.9 Poison Magic
 + Level 2.5 Invocations
 + Level 2.3 Evocations


You had 6 spell levels left.
You knew the following spells:

 Your Spells              Type           Power      Damage    Failure   Level
a - Blink                 Tloc           40%        N/A       4%          2
b - Gell's Gravitas       Tloc           20%        N/A       9%          3
c - Lesser Beckoning      Tloc           20%        N/A       9%          3
d - Teleport Other        Tloc           20%        N/A       9%          3

Your spell library contained the following spells:

 Spells                   Type           Power      Damage    Failure   Level
 Apportation              Tloc           40%        N/A       3%          1
 Necrotise                Necr           36%        1d5       14%         1
 Summon Small Mammal      Summ           36%        N/A       14%         1
 Cigotuvi's Dreadful Rot  Necr/Pois/Air  18%        N/A       22%         2
 Ensorcelled Hibernation  Hex/Ice        18%        N/A       22%         2
 Passwall                 Tmut/Erth      7%         N/A       22%         2
 Manifold Assault         Tloc           20%        N/A       28%         4
 Swiftness                Air            9%         N/A       41%         3
 Vampiric Draining        Necr           9%         2d6       41%         3
 Anguish                  Hex/Necr       4%         N/A       82%         4


Dungeon Overview and Level Annotations

Branches:
Dungeon (5/15)
 Temple: D:4-7

Altars:
Fedhas
Kikubaaqudgha
Makhleb
Yredelemnul


Innate Abilities, Weirdness & Mutations

You have very sharp teeth.
Your uncanny sense of smell can sniff out nearby items.
Your experience applies equally to all skills.


Message History

The gnoll sergeant hits you with a +0 trident.
You barely miss the gnoll sergeant.
The gnoll sergeant is severely wounded.
The gnoll hits you from afar with a +0 spear.
The gnoll sergeant barely misses you.
You hit the gnoll sergeant but do no damage.
The gnoll sergeant is severely wounded.
The gnoll misses you.
The gnoll sergeant hits you with a +0 trident!
You hit the gnoll sergeant. You freeze the gnoll sergeant.
Your bite misses the gnoll sergeant.
The gnoll sergeant is almost dead.
The gnoll sergeant hits you with a +0 trident.
The gnoll hits you but does no damage.
The gnoll sergeant hits you with a +0 trident.
* * * LOW HITPOINT WARNING * * *
The gnoll hits you but does no damage.
You barely miss the gnoll sergeant.
The gnoll sergeant is almost dead.
The gnoll hits you but does no damage.
The gnoll sergeant hits you but does no damage.
You hit the gnoll sergeant but do no damage.
You bite the gnoll sergeant, but do no damage.
The gnoll sergeant is almost dead.
The gnoll hits you from afar with a +0 spear.
* * * LOW HITPOINT WARNING * * *
The gnoll sergeant misses you.
You closely miss the gnoll sergeant.
The gnoll sergeant is almost dead.
The gnoll sergeant hits you with a +0 trident.
* * * LOW HITPOINT WARNING * * *
The gnoll hits you from afar with a +0 spear!
* * * LOW HITPOINT WARNING * * *
The gnoll closely misses you.
The gnoll sergeant completely misses you.
Casting: Teleport Other (dangerous; 9% risk of failure)
Confirm with . or Enter, or press ? or * to list all spells.
You blink.
The gnoll sergeant hits you with a +0 trident!
You die...

####...########
#...............
#...............
#...............
#........>......
######.........#
#.).......+
#§g.!.....#
#.#@#.....
#g#.#.#... .(#.#
# .. ..... .
..(..#∆ .....#
#...... ...#.


You could see a gnoll sergeant.

Vanquished Creatures
  A black bear (D:4)
  A necrophage (D:4)
  A scorpion (D:4)
  Crazy Yiuf (D:3)
  2 orc wizards
  2 gnolls (D:5)
  5 adders
  2 worms
  4 dart slugs
  7 orcs
  7 ball pythons
  6 bats
  8 endoplasms
  5 giant cockroaches
  14 goblins
  3 hobgoblins
  A jackal (D:1)
  4 quokkas
  A frilled lizard (D:2)
  6 kobolds
  5 rats
86 creatures vanquished.

Vanquished Creatures (others)
  A demonic plant (D:1)
  32 fungi (D:4)
33 creatures vanquished.

Grand Total: 119 creatures vanquished

Notes
Turn   | Place    | Note
-------+----------+-------------------------------------------
     0 | D:1      | Bqawayeah the Gnoll Warper began the quest for the Orb.
     0 | D:1      | Reached XP level 1. HP: 20/20 MP: 6/6
   261 | D:1      | Reached XP level 2. HP: 22/26 MP: 7/7
   640 | D:1      | Reached skill level 5 in Spellcasting
   640 | D:1      | Reached XP level 3. HP: 28/31 MP: 7/9
   808 | D:1      | Found a faded altar of an unknown god.
   831 | D:1      | Prayed at the altar of an unknown god.
   831 | D:1      | Became a worshipper of Kikubaaqudgha
   831 | D:1      | Reached * piety under Kikubaaqudgha
   831 | D:1      | Received a gift from Kikubaaqudgha
   839 | D:1      | Learned a level 2 spell: Blink
  1341 | D:1      | Reached skill level 1 in Invocations
  1948 | D:2      | Reached skill level 1 in Short Blades
  1948 | D:2      | Reached skill level 1 in Long Blades
  1948 | D:2      | Reached skill level 1 in Axes
  1948 | D:2      | Reached skill level 1 in Maces & Flails
  1948 | D:2      | Reached skill level 1 in Staves
  1948 | D:2      | Reached skill level 1 in Ranged Weapons
  1948 | D:2      | Reached skill level 1 in Stealth
  1948 | D:2      | Reached skill level 1 in Shields
  1948 | D:2      | Reached skill level 1 in Unarmed Combat
  1948 | D:2      | Reached skill level 1 in Evocations
  2373 | D:2      | Reached XP level 4. HP: 38/38 MP: 11/11
  2388 | D:2      | Reached ** piety under Kikubaaqudgha
  2452 | D:2      | Reached skill level 1 in Conjurations
  2452 | D:2      | Reached skill level 1 in Hexes
  2452 | D:2      | Reached skill level 1 in Summonings
  2452 | D:2      | Reached skill level 1 in Necromancy
  2452 | D:2      | Reached skill level 1 in Transmutations
  2452 | D:2      | Reached skill level 1 in Fire Magic
  2452 | D:2      | Reached skill level 1 in Ice Magic
  2452 | D:2      | Reached skill level 1 in Air Magic
  2452 | D:2      | Reached skill level 1 in Earth Magic
  2452 | D:2      | Reached skill level 1 in Poison Magic
  2976 | D:3      | Learned a level 3 spell: Gell's Gravitas
  2980 | D:3      | Learned a level 3 spell: Lesser Beckoning
  2984 | D:3      | Learned a level 3 spell: Teleport Other
  3015 | D:3      | Reached XP level 5. HP: 43/43 MP: 8/12
  3087 | D:3      | Found a runed translucent door.
  3088 | D:3      | Noticed Crazy Yiuf
  3097 | D:3      | Killed Crazy Yiuf
  3104 | D:3      | Identified the +7 hammer "Kokoirch" {freeze, Str+5}
  3358 | D:4      | Noticed a black bear
  3368 | D:4      | Killed a black bear
  3369 | D:4      | Reached skill level 5 in Fighting
  3369 | D:4      | Reached skill level 5 in Polearms
  3369 | D:4      | Reached skill level 5 in Dodging
  3369 | D:4      | Reached XP level 6. HP: 33/51 MP: 14/14
  3430 | D:4      | Found a blossoming altar of Fedhas.
  3502 | D:4      | Identified the +1 war axe of Wept {flame, rElec rPois
                  | Str-5}
  3601 | D:4      | Found a burning altar of Makhleb.
  3617 | D:4      | Fell from the grace of Kikubaaqudgha
  3617 | D:4      | Became a worshipper of Makhleb the Destroyer
  3633 | D:4      | Found a basalt altar of Yredelemnul.
  3744 | D:4      | Reached XP level 7. HP: 42/56 MP: 15/15
  4277 | D:5      | Entered Level 5 of the Dungeon
  4339 | D:5      | HP: 2/56 [gnoll/+0 spear[a gnoll sergeant] (7)]
  4340 | D:5      | Mangled by a gnoll sergeant

Illustrated notes

Levels and vault maps discovered:
D:1:      dpeg_arrival_water_temple_mockup, layout_loops_ring,
          shapermc_ecumenical_altar_gd, st_stairs_11,
          minmay_misc_feat_diagonals, dk_noncrumbling_4,
          hangedman_abyss_or_decor_stabs
D:2:      layout_loops_ring, chequers_serial_rivers_large_b,
          minmay_misc_feat_iff, grunt_ministairs_15
D:3:      layout_rooms, uniq_crazy_yiuf_cottage
D:4:      layout_loops_ring, mainiacjoe_overflow_catch_the_wave,
          fedhas_ov_isle_minmay
D:5:      layout_basic, good_gods_mini_temple, ashenzari_conservatory_becter,
          uniq_blork_the_orc

Skill      XL: |  1  2  3  4  5  6 |
---------------+-------------------+-----
Spellcasting   | 5 |  5.5
Invocations    | 1 2 |  2.5
Short Blades   | 1 2 |  2.3
Long Blades    | 1 2 |  2.3
Axes           | 1 2 |  2.3
Maces & Flails | 1 2 |  2.3
Staves         | 1 2 |  2.3
Ranged Weapons | 1 2 |  2.3
Stealth        | 1 2 |  2.3
Shields        | 1 2 |  2.3
Unarmed Combat | 1 2 |  2.3
Evocations     | 1 2 |  2.3
Conjurations   | 1 |  1.9
Hexes          | 1 |  1.9
Summonings     | 1 |  1.9
Necromancy     | 1 |  1.9
Transmutations | 1 |  1.9
Fire Magic     | 1 |  1.9
Ice Magic      | 1 |  1.9
Air Magic      | 1 |  1.9
Earth Magic    | 1 |  1.9
Poison Magic   | 1 |  1.9
Throwing       | 3 |  3.5
Armour         | 3 |  3.5
Fighting       | 5 |  5.1
Polearms       | 5 |  5.1
Dodging        | 5 |  5.1
Translocations | |  5.8

Action                   |  1- 3 |  4- 6 |  7- 9 || total
-------------------------+-------+-------+-------++-------
Melee: Spear             |   189 |    71 |       ||   260
       Bite              |    17 |     8 |     2 ||    27
       Punch             |     1 |     2 |       ||     3
       Dagger            |       |    50 |       ||    50
       War axe           |       |    12 |       ||    12
       Mace              |       |    11 |    18 ||    29
 Fire: Sling             |       |     4 |       ||     4
Throw: Javelin           |       |     4 |     2 ||     6
       Boomerang         |       |    14 |       ||    14
       Dart              |       |       |     3 ||     3
 Cast: Gell's Gravitas   |       |     1 |       ||     1
       Teleport Other    |       |     1 |       ||     1
       Lesser Beckoning  |       |     1 |       ||     1
       Blink             |       |       |     1 ||     1
 Stab: Sleeping          |     1 |     1 |       ||     2
Armor: Leather armour    |    36 |     7 |       ||    43
       Chain mail        |       |     7 |       ||     7
       Ring mail         |       |    43 |     7 ||    50
Dodge: Dodged            |    90 |    69 |    20 ||   179

Table legend: (Time is in decaauts)
 A = Elapsed time spent in this place.
 B = Non-inter-level travel time spent in this place.
 C = Inter-level travel time spent in this place.
 D = Time resting spent in this place.
 E = Time spent auto-exploring this place.
 F = Levels seen in this place.
 G = Mean time per level.
                   A        B        C        D        E       F      G
               +--------+--------+--------+--------+--------+-----+--------+
         Total |   4366 |   4209 |    157 |    208 |   3122 |   5 |  873.2 |
       Dungeon |   4366 |   4209 |    157 |    208 |   3122 |   5 |  873.2 |
               +--------+--------+--------+--------+--------+-----+--------+

Top non-repeatable levels by time:
     D:1: 1624 daAuts
     D:2: 1183 daAuts
     D:4: 924 daAuts
     D:3: 567 daAuts
     D:5: 66 daAuts
